 Dungeon Crawl Stone Soup version 0.29-a0-362-g5854e031c7 (webtiles) character file.

Game seed: 12967751065185418986

83 oldriver the Skirmisher (level 4, -1/39 HPs)
             Began as a Palentonga Abyssal Knight on Apr 29, 2022.
             Was a Priest of Lugonu.
             Succumbed to a kobold's poison
             ... on level 4 of the Dungeon.
             The game lasted 00:02:47 (2702 turns).

oldriver the Skirmisher (Palentonga Abyssal Knight) Turns: 2702, Time: 00:02:48

Health: -1/39      AC:  7    Str: 18    XL:     4   Next: 22%
Magic:  5/5        EV:  9    Int: 10    God:    Lugonu [***...]
Gold:   139        SH:  0    Dex: 11    Spells: 3/3 levels left

rFire   . . .      SeeInvis +   a - +1 hand axe (drain)
rCold   + . .      Faith    .   (no shield)
rNeg    . . .      Spirit   .   b - +0 leather armour
rPois   .          Reflect  .   h - +1 helmet
rElec   .          Harm     .   (no cloak)
rCorr   .          Rampage  .   k - +0 pair of gloves
Will    .....                   (no barding)
Stlth   +.........              (no amulet)
HPRegen 0.13/turn               i - ring of protection from cold
MPRegen 0.09/turn               (no ring)

@: lethally poisoned (-1 -> -10)
A: large, rugged brown scales 3, see invisible, deformed body, roll 1, armoured
tail
a: Rolling Charge, Renounce Religion, Depart the Abyss, Bend Space, Banish


You were on level 4 of the Dungeon.
You worshipped Lugonu.
Lugonu was most pleased with you.
You visited 1 branch of the dungeon, and saw 4 of its levels.
You visited the Abyss 1 time.

You collected 139 gold pieces.

Inventory:

Hand Weapons
 a - a +1 hand axe of draining (weapon)
Armour
 b - a +0 leather armour (worn)
 h - a +1 helmet (worn)
 k - a +0 pair of gloves (worn)
Jewellery
 c - an amulet of regeneration
 i - a ring of protection from cold (left hand)
 o - a ring of willpower
Scrolls
 d - a scroll of amnesia
Potions
 g - 2 potions of degeneration
 m - a potion of lignification
 n - a potion of magic {unknown}


   Skills:
 * Level 4.1 Fighting
 * Level 3.4 Axes
 - Level 1.5 Armour
 - Level 0.7 Dodging
 - Level 2.0 Invocations


You had 3 spell levels left.
You didn't know any spells.
Your spell library contained the following spells:

 Spells                   Type           Power      Damage    Failure   Level
 Call Canine Familiar     Summ           0%         N/A       80%         3
 Portal Projectile        Hex/Tloc       0%         N/A       80%         3
 Summon Guardian Golem    Hex/Summ       0%         N/A       80%         3
 Leda's Liquefaction      Hex/Erth       0%         N/A       99%         4
 Orb of Destruction       Conj           0%         9d5       100%        7
 Spellforged Servitor     Conj/Summ      0%         N/A       100%        7


Dungeon Overview and Level Annotations

Branches:
Dungeon (4/15)
 Temple: D:4-7

Altars:
Hepliaklqana

Shops:
D:2 [


Innate Abilities, Weirdness & Mutations

You are completely covered in rugged brown scales. (AC +3, +7% HP)
You have supernaturally acute eyesight. (SInv)
Armour fits poorly on your strangely shaped body.
You can roll at nearby foes to attack.
You have a long armoured tail.


Message History

The gnoll hits you from afar with a +0 spear. x2
The gnoll hits you but does no damage.
You closely miss the gnoll shaman.
Your tail-slap misses the gnoll shaman.
You hit the gnoll but do no damage. You drain the gnoll.
The gnoll hits you from afar with a +0 spear.
The gnoll shaman barely misses you. The gnoll hits you with a +0 halberd.
The gnoll hits you from afar with a +0 spear.
The gnoll shaman calls upon its god to speed up the gnoll.
The gnoll seems to speed up.
The gnoll hits you with a +0 halberd. The kobold closely misses you.
The gnoll attacks as you move away! The gnoll barely misses you.
The kobold closely misses you. The gnoll barely misses you.
The gnoll hits you but does no damage.
The gnoll shaman calls upon its god to heal the gnoll.
The gnoll's wounds heal themselves!
Okay, then.
The gnoll hits you from afar with a +0 spear.
The gnoll hits you from afar with a +0 spear.
The kobold attacks as you move away!
The kobold hits you with a +2 dagger of venom.
* * * LOW HITPOINT WARNING * * *
The gnoll hits you but does no damage. The kobold attacks as you move away!
The kobold hits you but does no damage.
You are lethally poisoned!
* * * LOW HITPOINT WARNING * * *
You feel sick. The gnoll barely misses you.
* * * LOW HITPOINT WARNING * * *
You feel sick.
* * * LOW HITPOINT WARNING * * *
You feel sick. The gnoll hits you but does no damage.
* * * LOW HITPOINT WARNING * * *
You feel sick. The kobold attacks as you move away!
The kobold completely misses you.
* * * LOW HITPOINT WARNING * * *
You feel sick. The gnoll barely misses you.
* * * LOW HITPOINT WARNING * * *
You feel sick. The kobold attacks as you move away!
The kobold hits you but does no damage.
You are more poisoned.
You die...

....#.....(.# #>...g..#
...##...##.## #Ogg....#
).<##...##.######.......#
...##.).#.......#.......#
...##...#.......#.......#
........#.......#.g.....#
...###+#######'##K......#
...# ..................#
#### ..........@.......#
..................#
..................#
..................#
............).....#
..................#
..................#
..#########.......# ..
#.......#


You could see an ogre, a gnoll shaman, 2 gnolls and a kobold.

Vanquished Creatures
  Robin (D:2)
  2 worms (D:2)
  A dart slug (D:2)
  3 orcs
  5 ball pythons
  An endoplasm (D:1)
  4 giant cockroaches
  10 goblins
  5 hobgoblins
  9 jackals
  2 bats
  2 frilled lizards
  8 kobolds
  3 rats
56 creatures vanquished.

Vanquished Creatures (others)
  2 plants (D:2)
2 creatures vanquished.

Grand Total: 58 creatures vanquished

Notes
Turn   | Place    | Note
-------+----------+-------------------------------------------
     0 | Abyss:1  | oldriver the Palentonga Abyssal Knight began the quest for
                  | the Orb.
     0 | Abyss:1  | Reached XP level 1. HP: 19/19 MP: 2/2
     6 | Abyss:1  | Found a corrupted altar of Lugonu.
    18 | D:1      | Escaped the Abyss
   206 | D:1      | Reached XP level 2. HP: 15/25 MP: 3/3
   741 | D:1      | Found a faded altar of an unknown god.
  1083 | D:2      | Reached XP level 3. HP: 28/31 MP: 4/4
  1176 | D:2      | Reached *** piety under Lugonu
  1191 | D:2      | Found Nodos's Antique Armour Emporium.
  1362 | D:2      | Noticed Robin
  1376 | D:2      | Killed Robin
  1830 | D:3      | Found a hazy altar of Hepliaklqana.
  1836 | D:3      | Reached skill level 4 in Fighting
  2021 | D:3      | Reached XP level 4. HP: 37/39 MP: 5/5
  2683 | D:4      | Noticed an ogre
  2701 | D:4      | HP: 1/39 [poisoned by a kobold]
  2702 | D:4      | Succumbed to a kobold's poison

Illustrated notes

Levels and vault maps discovered:
D:1:      minmay_arrival_loop, layout_loops_ring,
          hellmonk_ecumenical_altar_prayer_group
D:2:      layout_loops_ring, serial_shops, nicolae_shop_overgrown_old_shop,
          uniq_robin
D:3:      layout_basic, lemuel_round_altar
D:4:      layout_gridville, minmay_fractal_squares_gapless_5

Skill      XL: |  1  2  3 |
---------------+----------+-----
Axes           | 3 |  3.4
Fighting       | 4 |  4.1
Armour         | |  1.5
Dodging        | |  0.7
Invocations    | |  2.0

Action                   |  1- 3 |  4- 6 || total
-------------------------+-------+-------++-------
Melee: Hand axe          |   105 |    35 ||   140
       Tailslap          |    11 |     3 ||    14
 Abil: Rolling Charge    |    18 |     7 ||    25
  Use: Scroll            |       |     8 ||     8
Armor: Leather armour    |    33 |    27 ||    60
Dodge: Dodged            |    52 |    23 ||    75

Table legend: (Time is in decaauts)
 A = Elapsed time spent in this place.
 B = Non-inter-level travel time spent in this place.
 C = Inter-level travel time spent in this place.
 D = Time resting spent in this place.
 E = Time spent auto-exploring this place.
 F = Levels seen in this place.
 G = Mean time per level.
                   A        B        C        D        E       F      G
               +--------+--------+--------+--------+--------+-----+--------+
         Total |   2721 |   2617 |    104 |    162 |   2076 |   5 |  544.2 |
       Dungeon |   2703 |   2599 |    104 |    162 |   2076 |   4 |  675.8 |
         Abyss |     18 |     18 |      0 |      0 |      0 |   1 |   18.0 |
               +--------+--------+--------+--------+--------+-----+--------+

Top non-repeatable levels by time:
     D:2: 919 daAuts
     D:1: 903 daAuts
     D:3: 726 daAuts
     D:4: 154 daAuts
 Abyss:1: 18 daAuts
